 Dungeon Crawl Stone Soup version 0.30-a0-1160-g6e42c06551 (webtiles) character file.

Game seed: 5587773363066848769

102 jasper the Digger (level 4, -1/30 HPs)
             Began as a Vampire Earth Elementalist on Apr 25, 2023.
             Succumbed to an orc wizard's poison
             ... on level 3 of the Dungeon.
             The game lasted 00:02:09 (2051 turns).

jasper the Digger (Vampire Earth Elementalist)      Turns: 2051, Time: 00:02:09

Health: -1/30      AC:  2    Str:  7    XL:     4   Next: 49%
Magic:  7/9        EV: 12    Int: 19    God:
Gold:   128        SH:  0    Dex: 14    Spells: 3/9 levels left

rFire   . . .        d - +0 flail
rCold   . . .        (no shield)
rNeg    . . .        a - +0 robe
rPois   .            (no helmet)
rElec   .            (no cloak)
rCorr   .            (no gloves)
SInv    +            (no boots)
Will    .....        (no amulet)
Stlth   ++           c - ring of wizardry
HPRegen 0.45/turn    (no ring)
MPRegen 0.11/turn

%: wizardry (x1)
@: lethally poisoned (-1 -> -8), healing quickly
A: alive, fangs 3, see invisible, vampiric 2
a: Exsanguinate


You were on level 3 of the Dungeon.
You visited 1 branch of the dungeon, and saw 3 of its levels.

You collected 128 gold pieces.

Inventory:

Hand Weapons
 d - a +0 flail (weapon)
Missiles
 k - 3 boomerangs
Armour
 a - a +0 robe (worn)
Jewellery
 c - a ring of wizardry (left hand)
Scrolls
 e - a scroll of fear {unknown}
 g - 2 scrolls of poison {unknown}
 h - a scroll of noise {unknown}
 l - a scroll of magic mapping {unknown}
 m - 3 scrolls of identify {unknown}
 n - a scroll of teleportation {unknown}
 o - a scroll of summoning {unknown}
Potions
 f - a potion of cancellation
 i - 2 potions of mutation {unknown}
 j - a potion of degeneration {unknown}


   Skills:
 - Level 2.1 Dodging
 - Level 3.0 Stealth
 + Level 3.4 Spellcasting
 - Level 1.1 Transmutations
 + Level 4.3 Earth Magic


You had 3 spell levels left.
You knew the following spells:

 Your Spells              Type           Power      Damage    Failure   Level
a - Sandblast             Erth           38%        2d10      1%          1
b - Passwall              Tmut/Erth      10%        N/A       3%          2
c - Stone Arrow           Conj/Erth      22%        3d8       8%          3

Your spell library contained the following spells:

 Spells                   Type           Power      Damage    Failure   Level
 Kiss of Death            Conj/Necr      12%        2d6       6%          1
 Confusing Touch          Hex            3%         N/A       17%         3
 Petrify                  Tmut/Erth      13%        N/A       19%         4
 Dispel Undead            Necr           3%         3d7       47%         4


Dungeon Overview and Level Annotations

Branches:
Dungeon (3/15)

Altars:

Annotations:
D:1 2 transporters


Innate Abilities, Weirdness & Mutations

Your natural rate of healing is accelerated.
You have razor-sharp teeth.
You have supernaturally acute eyesight. (SInv)
You are afflicted with vampirism and can become a bat while bloodless.


Message History

Aim: an orc, wielding a +0 hand axe (82% to hit)
The blast of sand hits the orc.
The orc is moderately wounded.
The orc hits you with a +0 hand axe.
You take 3 damage, and have 14/30 hp.
You now have 0/9 mp.
Magic courses through your body. The orc barely misses you.
MP restored: 9
Aiming: Sandblast (safe; 1% risk of failure)
Press: ? - help, Q - select action, (/) - cycle Shift-Dir - straight line, f/p - orc
Aim: an orc, wielding a +0 hand axe (moderately wounded, 82% to hit)
The blast of sand hits the orc.
The orc is almost dead.
The orc hits you but does no damage.
The orc wizard hits you with a +2 dagger of venom.
You are poisoned.
The orc closely misses you.
You take 5 damage, and have 10/30 hp.
You now have 8/9 mp.
Aiming: Sandblast (safe; 1% risk of failure)
Press: ? - help, Q - select action, (/) - cycle Shift-Dir - straight line, f/p - orc
Aim: an orc, wielding a +0 hand axe (almost dead, 82% to hit)
The blast of sand hits the orc!
You kill the orc!
* * * LOW HITPOINT WARNING * * *
You feel very sick.
The orc wizard hits you with a +2 dagger of venom.
* * * LOW HITPOINT WARNING * * *
You are more poisoned.
You take 6 damage, and have 4/30 hp.
You now have 7/9 mp.
Aiming: Sandblast (safe; 1% risk of failure)
Press: ? - help, Q - select action, (/) - cycle Shift-Dir - straight line, f - orc wizard
Aim: an orc wizard, wielding a +2 dagger of venom and wearing a +0 robe (slightly transparent, 77% to hit)
The blast of sand hits the orc wizard.
The orc wizard is lightly wounded.
* * * LOW HITPOINT WARNING * * *
You feel very sick. The orc misses you. The orc wizard barely misses you.
The orc hits you but does no damage. The orc wizard barely misses you.
You take 3 damage, and have 1/30 hp.
You now have 6/9 mp.
It was a potion of cancellation.
You feel magically purged.
You die...

#........hho.........
#.....######......#
#.....# #.....)#
#####)######......#
#.†...........#
#.............#
##......~.~♣.~~~.
#....o#..~~~~..~~
#...o@#..~~.~~...
#....†#.~~≈.♣..~~
#....).##♣~~.≈~~.
#.....)~ ~~≈.~.
#......#~ .~.♣.
#......##. )~
#....... .. #.....##
~~


You could see an orc wizard (invisible) and an orc.

Vanquished Creatures
  Jessica (D:3)
  2 adders
  2 dart slugs (D:1)
  3 orcs (D:3)
  3 bats
  5 endoplasms
  A giant cockroach (D:1)
  5 goblins
  3 hobgoblins
  8 jackals
  2 kobolds (D:1)
  A quokka (D:2)
  5 ball pythons
  3 frilled lizards (D:1)
  2 rats
46 creatures vanquished.

Notes
Turn   | Place    | Note
-------+----------+-------------------------------------------
     0 | D:1      | jasper the Vampire Earth Elementalist began the quest for
                  | the Orb.
     0 | D:1      | Reached XP level 1. HP: 13/13 MP: 3/3
   230 | D:1      | Reached XP level 2. HP: 19/19 MP: 3/5
   233 | D:1      | Learned a level 2 spell: Passwall
   908 | D:1      | Gained mutation: You are afflicted with vampirism and can
                  | become a bat while bloodless. [Vampire growth]
   908 | D:1      | Reached XP level 3. HP: 24/24 MP: 5/7
   912 | D:1      | Learned a level 3 spell: Stone Arrow
  1687 | D:2      | Found a faded altar of an unknown god.
  1988 | D:3      | Reached skill level 4 in Earth Magic
  2022 | D:3      | Reached XP level 4. HP: 30/30 MP: 6/8
  2028 | D:3      | Noticed Jessica
  2036 | D:3      | Killed Jessica
  2050 | D:3      | HP: 1/30 [poisoned by an orc wizard]
  2051 | D:3      | Succumbed to an orc wizard's poison

Illustrated notes

Levels and vault maps discovered:
D:1:      spicycebolla_arrival_transporter_tutorial, layout_basic
D:2:      layout_basic, nicolae_ecumenical_lake_church, minmay_heptomino_h4
D:3:      layout_basic, serial_rivers, chequers_serial_rivers_micro_a,
          chequers_serial_rivers_micro_b, chequers_serial_rivers_small_3,
          chequers_serial_rivers_marsh, chequers_serial_rivers_large_b,
          chequers_serial_rivers_micro_c, uniq_jessica, uniq_terence

Skill      XL: |  1  2  3 |
---------------+----------+-----
Spellcasting   | 3 |  3.4
Earth Magic    | 4 |  4.3
Dodging        | |  2.1
Stealth        | |  3.0
Transmutations | |  1.1

Action                     |  1- 3 |  4- 6 || total
---------------------------+-------+-------++-------
   Cast: Sandblast         |    61 |    12 ||    73
    Use: Potion            |       |     2 ||     2
 Armour: Robe              |     2 |     6 ||     8
  Dodge: Dodged            |    22 |    13 ||    35

Table legend: (Time is in decaauts)
 A = Elapsed time spent in this place.
 B = Non-inter-level travel time spent in this place.
 C = Inter-level travel time spent in this place.
 D = Time resting spent in this place.
 E = Time spent auto-exploring this place.
 F = Levels seen in this place.
 G = Mean time per level.
                   A        B        C        D        E       F      G
               +--------+--------+--------+--------+--------+-----+--------+
         Total |   2093 |   2058 |     35 |      6 |   1787 |   3 |  697.7 |
       Dungeon |   2093 |   2058 |     35 |      6 |   1787 |   3 |  697.7 |
               +--------+--------+--------+--------+--------+-----+--------+

Top non-repeatable levels by time:
     D:1: 1221 daAuts
     D:2: 798 daAuts
     D:3: 72 daAuts
